 Dungeon Crawl Stone Soup version 0.30-b1-2-g02819fbbbe (webtiles) character file.

Game seed: 17703516889624641886

12364 alexzegreat666 the Geomancer (level 11, 0/69 HPs)
             Began as a Gargoyle Earth Elementalist on Sept 18, 2023.
             Was a Priest of Vehumet.
             Shot with a bolt by a tengu warrior (24 damage)
             ... on level 11 of the Dungeon.
             The game lasted 00:32:16 (12685 turns).

alexzegreat666 the Geomancer (GrEE)                Turns: 12685, Time: 00:32:17

Health: 0/69       AC: 18    Str: 13    XL:     11   Next: 92%
Magic:  15/25      EV: 11    Int: 22    God:    Vehumet [***...]
Gold:   734        SH:  2    Dex:  8    Spells: 23/30 levels left

rFire   + + +        w - +6 hand axe of the Inquisitive Suns {flame, rElec rF++}
rCold   . . .        I - +0 buckler of Zeukokag {rN+ Regen+ Dex-2 Slay+2}
rNeg    + + .        O - +2 robe {rF+}
rPois   ∞            J - +0 helmet {Int+3}
rElec   +            (no cloak)
rCorr   .            g - +3 pair of gauntlets of War {Slay+5}
SInv    +            p - +0 pair of boots
Will    .....        (no amulet)
Stlth   ++           y - ring of wizardry
HPRegen 1.11/turn    v - ring of see invisible
MPRegen 0.19/turn

%: wizardry (x1)
@: no status effects
A: sickness immunity, AC +8, negative energy resistance 1, electricity
resistance, torment resistance 1, petrification resistance
a: Renounce Religion


You were on level 11 of the Dungeon.
You worshipped Vehumet.
Vehumet was most pleased with you.
You visited 2 branches of the dungeon, and saw 12 of its levels.
You also visited: Sewer and Gauntlet.

You collected 734 gold pieces.

Inventory:

Hand Weapons
 w - the +6 hand axe of the Inquisitive Suns (weapon) {flame, rElec rF++}
   (You found it on level 3 of the Dungeon)

   rF:        It greatly protects you from fire.
   rElec:     It insulates you from electricity.
 H - a +1 demon whip of venom
Missiles
 R - a throwing net
Armour
 g - the +3 pair of gauntlets of War (worn) {Slay+5}
   (You acquired it in a Gauntlet)

   Slay:      It affects your accuracy & damage with ranged weapons and melee
   (+5).
 n - the +7 fire dragon scales "Urycziba" {Rampage rF++ rC- rCorr Dex+6}
   (You found it on level 2 of the Dungeon)

   Dex:       It affects your dexterity (+6).
   rF:        It greatly protects you from fire.
   rC:        It makes you vulnerable to cold.
   rCorr:     It protects you from acid and corrosion.
   Rampage:   It bestows one free step when moving towards enemies.
 p - a +0 pair of boots (worn)
 x - an orb of light
 I - the +0 buckler of Zeukokag (worn) {rN+ Regen+ Dex-2 Slay+2}
   (You acquired it in a Gauntlet)

   Dex:       It affects your dexterity (-2).
   Slay:      It affects your accuracy & damage with ranged weapons and melee
   (+2).
   rN:        It protects you from negative energy.
   Regen:     It increases your rate of health regeneration.
 J - a +0 helmet of intelligence (worn)
 K - a +1 scale mail of cold resistance
 L - a +1 robe of willpower
 O - a +2 robe of fire resistance (worn)
Magical Staves
 M - a staff of cold
Jewellery
 o - an amulet of reflection
 v - a ring of see invisible (right hand)
 y - a ring of wizardry (left hand)
 N - a ring of ice
Wands
 G - a wand of roots (11)
 T - a wand of flame (5)
 U - a wand of paralysis (5)
Scrolls
 a - a scroll of immolation
 f - 4 scrolls of noise {unknown}
 h - 4 scrolls of fear {unknown}
 i - 4 scrolls of brand weapon {unknown}
 k - a scroll of silence
 l - 2 scrolls of blinking {unknown}
 m - a scroll of magic mapping
 q - 2 scrolls of torment {unknown}
 s - 2 scrolls of enchant armour {unknown}
 t - 3 scrolls of poison {unknown}
 u - 4 scrolls of teleportation {unknown}
 D - a scroll of fog
 E - 2 scrolls of amnesia
 Q - a scroll of enchant weapon
Potions
 b - a potion of magic
 c - 6 potions of curing
 d - 5 potions of haste
 e - 3 potions of cancellation {unknown}
 j - 2 potions of degeneration {unknown}
 r - 5 potions of flight
 z - 2 potions of might {unknown}
 A - 2 potions of invisibility
 B - 7 potions of heal wounds
 C - 4 potions of brilliance {unknown}
 F - a potion of resistance {unknown}
 P - a potion of mutation {unknown}
 S - a potion of attraction {unknown}
Miscellaneous
 V - a condenser vane (inert)


   Skills:
 * Level 8.5 Fighting
 - Level 0.8 Axes
 * Level 2.1 Armour
 - Level 2.0 Dodging
 - Level 4.0 Stealth
 + Level 0.3 Unarmed Combat
 + Level 10.2 Spellcasting
 + Level 7.4 Conjurations
 + Level 0.7 Transmutations
 + Level 0.1 Air Magic
 - Level 11.7 Earth Magic
 * Level 3.4 Poison Magic
 - Level 2.1 Evocations


You had 23 spell levels left.
You knew the following spells:

 Your Spells              Type           Power      Damage    Failure   Level
a - Sandblast             Erth           100%       2d20      1%          1
b - Stone Arrow           Conj/Erth      100%       3d13      1%          3
c - Mephitic Cloud        Conj/Pois/Air  27%        N/A       1%          3

Your spell library contained the following spells:

 Spells                   Type           Power      Damage    Failure   Level
 Iskenderun's Mystic Bla  Conj/Tloc      27%        2d7       2%          4
 Freeze                   Ice            44%        1d6       1%          1
 Momentum Strike          Conj/Tloc      54%        3d9       1%          2
 Passwall                 Tmut/Erth      31%        N/A       1%          2
 Petrify                  Tmut/Erth      38%        N/A       2%          4
 Frozen Ramparts          Ice            22%        1d4       3%          3
 Blink                    Tloc           22%        N/A       5%          2
 Ensorcelled Hibernation  Hex/Ice        22%        N/A       5%          2
 Lesser Beckoning         Tloc           22%        N/A       5%          2
 Arcjolt                  Conj/Air       13%        1d23      5%          5
 Swiftness                Air            11%        N/A       10%         3
 Vhi's Electric Charge    Tloc/Air       22%        N/A       10%         3
 Gell's Gravitas          Tloc           11%        N/A       11%         3
 Teleport Other           Tloc           11%        N/A       11%         3
 Dispel Undead            Necr           11%        3d9       32%         4
 Summon Lightning Spire   Summ/Air       11%        N/A       32%         4
 Summon Forest            Summ/Tloc      5%         N/A       65%         5
 Summon Mana Viper        Hex/Summ       11%        N/A       65%         5
 Plasma Beam              Fire/Air       5%         2x1d17    69%         6
 Death Channel            Necr           5%         N/A       99%         6
 Dispersal                Tloc           5%         N/A       99%         6
 Summon Cactus Giant      Summ           5%         N/A       99%         6
 Storm Form               Tmut/Air       6%         N/A       100%        7
 Maxwell's Capacitive Co  Air            5%         ∞         100%        8
 Polar Vortex             Ice            5%         N/A       100%        9
 Cigotuvi's Dreadful Rot  Necr/Pois/Air  Unusable   N/A       N/A         2

Dungeon Overview and Level Annotations

Branches:
Dungeon (11/15)            Temple (1/1) D:5            Lair (0/5) D:10
    Orc (0/2) D:11          Sewer (visited)         Gauntlet (visited)

Altars:
Ashenzari
Cheibriados
Dithmenos
Elyvilon
Fedhas
Gozag
Hepliaklqana
Kikubaaqudgha
Makhleb
Nemelex Xobeh
Okawaru
Qazlal
Ru
Sif Muna
Trog
Uskayaw
Vehumet
Wu Jian
Xom
Yredelemnul
Zin
The Shining One

Shops:
D:1 ((:(


Innate Abilities, Weirdness & Mutations

You are immune to sickness and miasma.
Your stone body is resilient. (AC +8)
You are immune to poison.
You resist negative energy. (rN+)
You are resistant to electric shocks. (rElec)
You are resistant to unholy torment.
You are immune to petrification.


Message History

HP restored.
Things that are here:
a +0 shortbow; a centaur corpse A tengu warrior comes into view.
It is wielding a +0 broad axe.
A tengu warrior is nearby!
A tengu warrior is nearby!
An ogre mage comes into view.
It is wielding a +0 flail and wearing a +1 robe of fire resistance.
There are monsters nearby!
The tengu warrior shouts!
The ogre mage shouts!
You hear a shout!
You can't see any susceptible monsters within range! (Use Z to cast anyway.)
The tengu warrior unwields a +0 broad axe.
The tengu warrior wields a +0 arbalest.
The tengu warrior shoots a bolt.
The bolt hits you but does no damage.
The tengu warrior shoots a bolt.
The bolt hits you!!
You can't see any susceptible monsters within range! (Use Z to cast anyway.)
Aiming: Mephitic Cloud (safe; 1% risk of failure)
Press: ? - help, Q - select action, (/) - cycle Shift-Dir - straight line The ball explodes into a vile cloud!
The stinking cloud engulfs the tengu warrior but does no damage.
You hear two shouts!
You hear an angry buzzing noise. x2; You hear a howl!
The tengu warrior shoots a bolt.
The bolt hits you!!
Aiming: Stone Arrow (safe; 1% risk of failure)
Press: ? - help, Q - select action, (/) - cycle Shift-Dir - straight line, f - tengu warrior
Aim: a tengu warrior, wielding a +0 arbalest and wearing a +0 leather armour (58% to hit)
The stone arrow hits the tengu warrior!
The tengu warrior is moderately wounded.
The tengu warrior shoots a bolt.
The bolt hits you.
Aiming: Stone Arrow (safe; 1% risk of failure)
Press: ? - help, Q - select action, (/) - cycle Shift-Dir - straight line, f/p - tengu warrior
Aim: a tengu warrior, wielding a +0 arbalest and wearing a +0 leather armour (moderately wounded, 58% to hit)
The stone arrow misses the tengu warrior.
The tengu warrior shoots a bolt.
The bolt hits you!
Aiming: Stone Arrow (safe; 1% risk of failure)
Press: ? - help, Q - select action, (/) - cycle Shift-Dir - straight line, f/p - tengu warrior
Aim: a tengu warrior, wielding a +0 arbalest and wearing a +0 leather armour (moderately wounded, 58% to hit)
The stone arrow hits the tengu warrior!
The tengu warrior is heavily wounded.
The tengu warrior shoots a bolt.
The bolt hits you!!
You die...

...#.####.#.#.## #..
#.^...........# #..
####.#.#.######.## #..
.........).......#
#.###.##.#.#.#########
..
O#.#.#.#.##.#.#........
...
##.#.#.#.##............
# ...
Q.#.#.#.####.#########
###
.###.#.Q..@........#
..###
#.#.#.#.#.#########
....## ##.#.#.#.#
###...###..#.#.#.#
##..###Q...#.#
##........#.#
########.#.# ######
#.#.# ...... ....#


You could see a tengu warrior.

Vanquished Creatures
  A quicksilver ooze (Gauntlet)
  A minotaur (Gauntlet)
  Amaemon (D:8)
  2 cyclopes (D:11)
  An apocalypse crab (Gauntlet)
  Joseph (D:8)
  An orange demon (D:8)
  An unseen horror (D:8)
  2 trolls
  Prince Ribbit (D:7)
  A shadow (D:11)
  9 yaks
  2 wraiths
  Grum (D:9)
  A steam dragon (D:7)
  A swamp worm (D:8)
  2 acid dragons
  Duvessa (D:7)
  9 orc warriors
  2 sky beasts
  2 black bears (D:6)
  3 ice beasts
  5 centaurs
  2 ogres
  4 wolves (D:9)
  A phantom (D:4)
  5 kobold brigands
  5 gnoll sergeants
  4 scorpions
  3 bullfrogs
  9 wights
  Dowan (D:7)
  10 killer bees (D:9)
  An electric eel (D:11)
  A howler monkey (D:10)
  A gnoll bouda (D:10)
  6 orc priests
  2 hounds
  A jelly (D:6)
  A sleepcap (D:5)
  5 orc wizards
  Robin (D:2)
  10 gnolls
  11 adders
  3 river rats (Sewer)
  A white imp (D:7)
  3 ufetubi
  3 worms
  5 dart slugs
  35 orcs
  9 endoplasms
  4 giant cockroaches
  12 goblins
  9 hobgoblins
  10 jackals
  4 quokkas
  2 ball pythons (D:1)
  2 frilled lizards (D:1)
  32 kobolds
  7 rats
276 creatures vanquished.

Vanquished Creatures (others)
  A demonic plant (Gauntlet)
  7 fungi (D:10)
  9 plants
17 creatures vanquished.

Grand Total: 293 creatures vanquished

Notes
Turn   | Place    | Note
-------+----------+-------------------------------------------
     0 | D:1      | alexzegreat666 the Gargoyle Earth Elementalist began the
                  | quest for the Orb.
     0 | D:1      | Reached XP level 1. HP: 10/10 MP: 3/3
    49 | D:1      | Found Fisoch's Antique Weapon Boutique.
   175 | D:1      | Reached XP level 2. HP: 9/15 MP: 0/5
   178 | D:1      | Reached skill level 4 in Earth Magic
   416 | D:1      | Found Deutisodut's Weapon Boutique.
   546 | D:1      | Found Rigea's Weapon Boutique.
   627 | D:1      | Found Joal's Book Shop.
   880 | D:1      | Reached XP level 3. HP: 19/19 MP: 4/6
  1186 | D:2      | Reached skill level 1 in Fighting
  1231 | D:2      | Reached XP level 4. HP: 25/25 MP: 6/8
  1363 | D:2      | Found a faded altar of an unknown god.
  1423 | D:2      | Identified the +7 fire dragon scales "Urycziba" {Rampage
                  | rF++ rC- rCorr Dex+6}
  1567 | D:2      | Noticed Robin
  1693 | D:2      | Killed Robin
  2077 | D:3      | Reached XP level 5. HP: 30/30 MP: 7/9
  2269 | D:3      | Learned a level 3 spell: Stone Arrow
  2489 | D:3      | Identified the +6 hand axe of the Inquisitive Suns {flame,
                  | rElec rF++}
  2680 | D:3      | Found a hide-covered altar of Uskayaw.
  2860 | D:3      | Reached skill level 5 in Earth Magic
  3241 | D:4      | Found a bloodstained altar of Trog.
  3266 | D:4      | Reached XP level 6. HP: 36/36 MP: 7/11
  3594 | D:4      | Reached XP level 7. HP: 31/40 MP: 7/13
  3760 | D:4      | Found a sparkling altar of Nemelex Xobeh.
  3766 | D:4      | Reached skill level 6 in Earth Magic
  4030 | D:5      | Entered Level 5 of the Dungeon
  4386 | D:5      | Identified the +2 flail of Wamoov Sixu {drain, rElec rN+
                  | Stlth+}
  4393 | D:5      | Found a staircase to the Ecumenical Temple.
  4999 | Temple   | Entered the Ecumenical Temple
  5015 | Temple   | Became a worshipper of Vehumet
  5079 | D:6      | Identified the -1 pair of boots "Menwaafi" {Harm Str+9
                  | Slay-4 SInv}
  5107 | D:6      | Reached skill level 5 in Spellcasting
  5168 | D:6      | Reached skill level 7 in Earth Magic
  5168 | D:6      | Reached XP level 8. HP: 16/48 MP: 10/15
  5188 | D:6      | Found a glowing drain.
  5346 | Sewer    | Entered a sewer
  5603 | Sewer    | Found a white marble altar of Elyvilon.
  5820 | D:6      | Reached * piety under Vehumet
  5820 | D:6      | Offered knowledge of Foxfire by Vehumet.
  6049 | D:6      | Reached skill level 8 in Earth Magic
  6488 | D:7      | Reached skill level 5 in Fighting
  6488 | D:7      | Reached skill level 1 in Conjurations
  6488 | D:7      | Reached XP level 9. HP: 11/54 MP: 0/18
  6855 | D:7      | Noticed Dowan
  6856 | D:7      | Noticed Duvessa
  6863 | D:7      | Killed Duvessa
  6864 | D:7      | Reached skill level 9 in Earth Magic
  6871 | D:7      | Killed Dowan
  7116 | D:7      | Noticed Prince Ribbit
  7119 | D:7      | Killed Prince Ribbit
  7552 | D:8      | Found a white marble altar of Elyvilon.
  7619 | D:8      | Noticed Joseph
  7646 | D:8      | Killed Joseph
  7647 | D:8      | Reached skill level 1 in Evocations
  7702 | D:8      | Noticed Amaemon
  7713 | D:8      | Killed Amaemon
  7714 | D:8      | Reached XP level 10. HP: 18/60 MP: 1/21
  7876 | D:8      | Offered knowledge of Static Discharge by Vehumet.
  7878 | D:8      | Reached ** piety under Vehumet
  7912 | D:8      | Noticed an orange demon
  7988 | D:8      | Killed an orange demon
  7989 | D:8      | Reached skill level 10 in Earth Magic
  8338 | D:8      | Noticed an unseen horror
  8342 | D:8      | Killed an unseen horror
  8678 | D:8      | Found a hazy altar of Hepliaklqana.
  9196 | D:9      | Reached skill level 5 in Conjurations
  9530 | D:9      | Offered knowledge of Mephitic Cloud by Vehumet.
  9530 | D:9      | Noticed Grum
  9545 | D:9      | Killed Grum
  9750 | D:9      | Found an ancient bone altar of Kikubaaqudgha.
  9881 | D:9      | Reached skill level 11 in Earth Magic
  9881 | D:9      | Reached XP level 11. HP: 50/67 MP: 1/24
 10101 | D:9      | Learned a level 3 spell: Mephitic Cloud
 10121 | D:10     | Entered Level 10 of the Dungeon
 10134 | D:9      | Reached *** piety under Vehumet
 10232 | D:10     | Found a stormy altar of Qazlal.
 10470 | D:10     | Reached skill level 1 in Poison Magic
 10715 | D:10     | Found a staircase to the Lair.
 11233 | D:11     | Found a gate leading to a gauntlet.
 11252 | Gauntlet | Entered a Gauntlet
 11252 | Gauntlet | Found a transporter.
 11288 | Gauntlet | Found a transporter.
 11291 | Gauntlet | Noticed an obsidian statue
 11303 | Gauntlet | Found a transporter.
 11306 | Gauntlet | Found a transporter.
 11308 | Gauntlet | Noticed a fire crab
 11317 | Gauntlet | Found a transporter.
 11338 | Gauntlet | Found a transporter.
 11342 | Gauntlet | Found a transporter.
 11346 | Gauntlet | Found a transporter.
 11378 | Gauntlet | Found a transporter.
 11392 | Gauntlet | Found a transporter.
 11396 | Gauntlet | Found a transporter.
 11398 | Gauntlet | Found a large runed translucent door.
 11398 | Gauntlet | Found a large runed translucent door.
 11399 | Gauntlet | Found a large runed translucent door.
 11399 | Gauntlet | Found a large runed translucent door.
 11400 | Gauntlet | Found a large runed translucent door.
 11400 | Gauntlet | Found a large runed translucent door.
 11400 | Gauntlet | Found a runed translucent door.
 11400 | Gauntlet | Found a runed translucent door.
 11401 | Gauntlet | Found a large runed translucent door.
 11401 | Gauntlet | Found a large runed translucent door.
 11402 | Gauntlet | Found a large runed translucent door.
 11402 | Gauntlet | Found a large runed translucent door.
 11403 | Gauntlet | Found a large runed translucent door.
 11403 | Gauntlet | Found a large runed translucent door.
 11405 | Gauntlet | Found a runed translucent gate.
 11405 | Gauntlet | Found a runed translucent gate.
 11405 | Gauntlet | Found a runed translucent gate.
 11407 | Gauntlet | Found a transporter.
 11407 | Gauntlet | Noticed a quicksilver ooze
 11418 | Gauntlet | Found a large runed translucent door.
 11419 | Gauntlet | Found a large runed translucent door.
 11429 | Gauntlet | Found a large runed translucent door.
 11429 | Gauntlet | Found a large runed translucent door.
 11462 | Gauntlet | Paralysed by you for 4 turns
 11550 | Gauntlet | Identified 2 scrolls of acquirement
 11552 | Gauntlet | Acquired the +3 pair of gauntlets of War {Slay+5}
 11552 | Gauntlet | Found the +3 pair of gauntlets of War {Slay+5}
 11565 | Gauntlet | Acquired the +0 buckler of Zeukokag {rN+ Regen+ Dex-2
                  | Slay+2}
 11599 | Gauntlet | Killed a quicksilver ooze
 11701 | Gauntlet | Noticed a minotaur
 11707 | Gauntlet | Killed a minotaur
 11782 | Gauntlet | Got the Notes on Congelation
 11917 | D:11     | Noticed a cyclops
 11920 | D:11     | Killed a cyclops
 11962 | D:11     | Identified the +0 pair of gloves "Woirphih" {rElec Str+6}
 11974 | D:11     | Found a staircase to the Orcish Mines.
 11979 | D:11     | Offered knowledge of Iskenderun's Mystic Blast by Vehumet.
 11988 | D:11     | Reached skill level 10 in Spellcasting
 11990 | D:11     | Reached skill level 1 in Armour
 12419 | D:11     | Noticed a cyclops
 12424 | D:11     | Killed a cyclops
 12640 | D:11     | Noticed a tengu warrior
 12643 | D:11     | Noticed an ogre mage
 12685 | D:11     | Shot with a bolt by a tengu warrior

Illustrated notes

Levels and vault maps discovered:
D:1:      minmay_arrival_arboretum_large, layout_basic, serial_shops,
          nicolae_shop_tiny_real_fake_doors, nicolae_shop_bloodbath_and_beyond,
          shop, nicolae_shop_behind_doors, minmay_cupped
D:2:      layout_rooms, chequers_ecumenical_altar_island, st_stairs_13,
          minmay_misc_feat_chi, uniq_robin
D:3:      layout_basic, mainiacjoe_overflow_alcove_2, kennysheep_crisscross
D:4:      layout_loops_ring, mainiacjoe_overflow_24_doors,
          nemelex_diamond_rough_becter
D:5:      layout_loops_ring, temple_doors_cd
D:6:      layout_loops_ring, gup_sewer_entry_glass
D:7:      layout_loops_ring, uniq_duvessa, uniq_prince_ribbit1
D:8:      layout_basic, mainiacjoe_overflow_alcove_1, amcnicky_altar_gilded,
          worms_lemuel, uniq_amaemon, uniq_joseph
D:9:      layout_cave_pools, mainiacjoe_overflow_six_doors_small,
          hangedman_decor_opposing, nrook_mini_backslash, uniq_grum
D:10:     layout_gridville, nicolae_qazlal_scattered_showers,
          grunt_lair_entry_orc_guard_hut
D:11:     minmay_the_grid_triangle_9x9_recursive_3_mashed
          [minmay_the_grid_triangle_9x9_descending_squares,
          minmay_the_grid_triangle_9x9_alien,
          minmay_the_grid_triangle_9x9_skeleton,
          minmay_the_grid_triangle_9x9_prize_special,
          minmay_the_grid_triangle_9x9_empty,
          minmay_the_grid_triangle_9x9_odd_lines,
          minmay_the_grid_triangle_9x9_zippers_vertical,
          minmay_the_grid_triangle_9x9_warning,
          minmay_the_grid_triangle_9x9_tough_junction], layout_basic,
          kennysheep_orc_monster_closet_entryway, gauntlet_entry_generic
Temple:   minmay_freezing_vapour_temple

Skill      XL: |  1  2  3  4  5  6  7  8  9 10 11 |
---------------+----------------------------------+-----
Earth Magic    | 4 5 7 8 9 11 | 11.7
Fighting       | 1 2 3 5 6 7 8 |  8.5
Spellcasting   | 3 4 5 6 7 9 10 | 10.2
Dodging        | 2 |  2.0
Stealth        | 3 4 |  4.0
Conjurations   | 1 3 6 7 |  7.4
Evocations     | 1 2 |  2.1
Poison Magic   | 3 |  3.4
Armour         | 2 |  2.1
Axes           | |  0.8
Unarmed Combat | |  0.3
Transmutations | |  0.7
Air Magic      | |  0.1

Action                     |  1- 3 |  4- 6 |  7- 9 | 10-12 || total
---------------------------+-------+-------+-------+-------++-------
  Melee: Unarmed           |    21 |       |       |       ||    21
         Whip              |       |     4 |       |       ||     4
         Punch             |       |     1 |       |       ||     1
         Hand axe          |       |     1 |    10 |    13 ||    24
   Cast: Sandblast         |    42 |    98 |   157 |    87 ||   384
         Stone Arrow       |       |       |    17 |   109 ||   126
         Mephitic Cloud    |       |       |       |     6 ||     6
  Evoke: Wand              |       |       |    21 |     3 ||    24
         Condenser vane    |       |       |       |     1 ||     1
    Use: Scroll            |       |       |       |    10 ||    10
 Armour: Robe              |     8 |    26 |    77 |    79 ||   190
  Dodge: Dodged            |    24 |    44 |   103 |    91 ||   262
  Block: Buckler           |       |       |       |     2 ||     2
